 Dungeon Crawl Stone Soup version 0.30.0-10-gfe55d96785 (webtiles) character file.

Game seed: 1849249636834955444

1108 suduhmizer the Frost Mage (level 8, 0/60 HPs)
             Began as a Merfolk Ice Elementalist on May 14, 2023.
             Was an Initiate of Yredelemnul.
             Slain by an ice beast (12 damage)
             ... on level 7 of the Dungeon.
             The game lasted 00:12:49 (5578 turns).

suduhmizer the Frost Mage (MfIE)                    Turns: 5578, Time: 00:12:50

Health: 0/60       AC:  2    Str:  8    XL:     8   Next: 33%
Magic:  12/14      EV: 12    Int: 23    God:    Yredelemnul [......]
Gold:   1052       SH:  0    Dex: 14    Spells: 2/16 levels left

rFire   . . .        K - +0 halberd
rCold   . . .        (shield currently unavailable)
rNeg    . . .        a - +0 robe
rPois   .            (no helmet)
rElec   .            (no cloak)
rCorr   .            (no gloves)
SInv    .            (no boots)
Will    +....        (no amulet)
Stlth   ++           o - +6 ring of intelligence
HPRegen 0.30/turn    D - ring of willpower
MPRegen 0.14/turn

%: no passive effects
@: no status effects
A: (nimble swimmer 2), mertail
a: Renounce Religion, Recall Undead Harvest


You were on level 7 of the Dungeon.
You worshipped Yredelemnul.
Yredelemnul was noncommittal.
You visited 1 branch of the dungeon, and saw 7 of its levels.

You collected 1080 gold pieces.
You spent 28 gold pieces at shops.

Inventory:

Hand Weapons
 c - a +0 dagger
 s - a +0 spear
 K - a +0 halberd (weapon)
Missiles
 E - 2 throwing nets
Armour
 a - a +0 robe (worn)
Magical Staves
 k - a staff of cold
Jewellery
 o - a +6 ring of intelligence (left hand)
 r - a ring of protection from cold
 y - a ring of flight
 D - a ring of willpower (right hand)
 G - a ring of poison resistance
Wands
 F - a wand of paralysis (7)
Scrolls
 d - 2 scrolls of poison
 e - 2 scrolls of brand weapon
 f - 2 scrolls of blinking
 t - a scroll of torment {unknown}
 v - a scroll of noise {unknown}
 w - 6 scrolls of teleportation
 x - a scroll of vulnerability {unknown}
 B - a scroll of enchant armour {unknown}
 J - a scroll of enchant weapon {unknown}
 L - a scroll of immolation {unknown}
Potions
 b - 3 potions of magic
 g - a potion of berserk rage
 h - a potion of haste
 i - 4 potions of heal wounds
 j - a potion of brilliance
 l - 2 potions of invisibility {unknown}
 p - 4 potions of degeneration {unknown}
 u - 2 potions of ambrosia {unknown}
 z - a potion of lignification {unknown}
 A - 2 potions of flight {unknown}
 C - 2 potions of attraction {unknown}
 H - a potion of resistance {unknown}
 I - 2 potions of curing {unknown}


   Skills:
 + Level 3.8 Fighting
 + Level 4.6 Polearms
 - Level 2.6 Dodging
 - Level 2.1 Stealth
 + Level 4.5 Spellcasting
 * Level 8.4 Ice Magic


You had 2 spell levels left.
You knew the following spells:

 Your Spells              Type           Power      Damage    Failure   Level
a - Freeze                Ice            100%       1d10      1%          1
b - Frozen Ramparts       Ice            88%        1d14      1%          3
c - Ozocubu's Armour      Ice            44%        N/A       1%          3
d - Summon Ice Beast      Ice/Summ       24%        N/A       17%         4
e - Dazzling Flash        Conj/Hex       10%        N/A       30%         3

Your spell library contained the following spells:

 Spells                   Type           Power      Damage    Failure   Level
 Slow                     Hex            20%        N/A       10%         1
 Confusing Touch          Hex            5%         N/A       30%         3
 Portal Projectile        Hex/Tloc       10%        N/A       30%         3
 Stone Arrow              Conj/Erth      10%        3d7       30%         3
 Tukima's Dance           Hex            5%         N/A       30%         3
 Vampiric Draining        Necr           5%         2d6       30%         3
 Animate Armour           Summ/Erth      10%        N/A       69%         4
 Agony                    Necr           5%         N/A       95%         5
 Blade Hands              Tmut           2%         N/A       95%         5
 Silence                  Hex/Air        2%         N/A       95%         5
 Lehudib's Crystal Spear  Conj/Erth      2%         10d2      100%        8


Dungeon Overview and Level Annotations

Branches:
Dungeon (7/15)             Temple (0/1) D:6

Altars:
Dithmenos
Qazlal
Uskayaw
Xom
Yredelemnul
Zin

Shops:
D:2 ?   D:6 :


Innate Abilities, Weirdness & Mutations

((You are very nimble when in or above water. (Stealth+, EV+, Speed+++)))
Your lower body shifts to a powerful aquatic tail in water.


Message History

The ice beast hits you. The ice beast freezes you! The ice beast hits you.
The ice beast freezes you!
Your ice beast hits the ice beast.
Your ice beast freezes the ice beast.
The ice beast completely resists.
You hit the ice beast but do no damage.
The ice beast is lightly wounded.
The ice beast completely misses you.
Your ice beast hits the ice beast.
Your ice beast freezes the ice beast.
The ice beast completely resists.
You closely miss the ice beast.
The ice beast is moderately wounded.
Your ice beast hits the ice beast.
Your ice beast freezes the ice beast.
The ice beast completely resists.
The ice beast closely misses you.
You closely miss the ice beast.
The ice beast is moderately wounded.
Your ice beast hits the ice beast.
Your ice beast freezes the ice beast.
The ice beast completely resists.
The ice beast hits you but does no damage.
The ice beast barely misses you.
Your ice beast barely misses the ice beast.
You barely miss the ice beast.
The ice beast is moderately wounded.
Your ice beast closely misses the ice beast.
The ice beast barely misses you.
You barely miss the ice beast.
The ice beast is moderately wounded.
The ice beast hits you. The ice beast freezes you.
Your ice beast hits the ice beast but does no damage.
You slash the ice beast!
The ice beast is heavily wounded.
The ice beast misses you.
Your ice beast closely misses the ice beast.
You closely miss the ice beast.
The ice beast is heavily wounded.
The ice beast hits you. The ice beast freezes you!
* * * LOW HITPOINT WARNING * * *
Your ice beast hits the ice beast but does no damage.
The ice beast hits you.
* * * LOW HITPOINT WARNING * * *
The ice beast freezes you!
You die...
Your body rises from the dead as a mindless zombie.

##### ******* ##...# *,,,,,*
#§§§.# ***,~~~,* ###.§§.#
**,+,~,,,* #..§§..#
,,,+,~,_,* *,###'.##
,*,+,~,,,* *,#YY.(.#
,***,~~~,* *,#@....#
,***,,,,,*
*,#.....#***********
,,,*******
*,#.....#,,,,,,,,,,, ,,,,,*
*,#.#.###,**********
,,,,,*********,..#.#**,*,,,,*
*,
,,,,,,,,,,,,,,......,,,,,>*,*
*,
,,,,,*******,,:....##*,*,,*,*
*, ,,,,,* *,,,,,,.###,*
*,*,,*,****, ,,,,,*
*,,,,,,,,**+* *,*,,*,,,,,,


You could see an ice beast (ally target) and a friendly ice beast (summoned).

Vanquished Creatures
  A black bear (D:4)
  A phantom (D:6)
  4 scorpions
  A hound (D:6)
  3 jellies (D:5)
  A gnoll bouda (D:6)
  An orc priest (D:3)
  A sleepcap (D:6)
  An orc wizard (D:5)
  4 iguanas
  2 adders
  12 gnolls
  A white imp (D:6)
  2 dart slugs
  8 orcs
  11 ball pythons
  4 bats
  8 endoplasms
  A giant cockroach (D:2)
  11 goblins
  11 hobgoblins
  3 quokkas
  4 frilled lizards
  3 kobolds
  4 rats (D:1)
103 creatures vanquished.

Vanquished Creatures (collateral kills)
  A black bear (D:5)
  A sleepcap (D:5)
  A gnoll (D:2)
  A shadow imp (D:5)
  A white imp (D:5)
  A worm (D:3)
  3 orcs
  An endoplasm (D:2)
  2 goblins (D:2)
  A hobgoblin (D:3)
  2 kobolds (D:2)
  A rat (D:2)
16 creatures vanquished.

Vanquished Creatures (others)
  An adder zombie (D:2)
  An iguana zombie (D:4)
  A bat zombie (D:3)
  6 gnoll zombies
  2 ball python zombies (D:3)
  An endoplasm zombie (D:2)
  A frilled lizard zombie (D:2)
  2 goblin zombies
  A kobold zombie (D:2)
  3 orc zombies
19 creatures vanquished.

Grand Total: 138 creatures vanquished

Notes
Turn   | Place    | Note
-------+----------+-------------------------------------------
     0 | D:1      | suduhmizer the Merfolk Ice Elementalist began the quest for
                  | the Orb.
     0 | D:1      | Reached XP level 1. HP: 13/13 MP: 3/3
   234 | D:1      | Reached XP level 2. HP: 13/19 MP: 1/5
   407 | D:1      | Reached skill level 5 in Ice Magic
   529 | D:1      | Reached XP level 3. HP: 19/24 MP: 3/6
   663 | D:1      | Learned a level 3 spell: Frozen Ramparts
   858 | D:1      | Found a faded altar of an unknown god.
  1005 | D:1      | Prayed at the altar of an unknown god.
  1005 | D:1      | Became a worshipper of Yredelemnul the Dark
  1005 | D:1      | Reached * piety under Yredelemnul
  1230 | D:2      | Found Abloen Resu's Magic Scroll Emporium.
  1249 | D:2      | Bought a scroll of identify for 28 gold pieces
  1368 | D:2      | Learned a level 3 spell: Ozocubu's Armour
  1508 | D:2      | Reached XP level 4. HP: 30/30 MP: 4/8
  1522 | D:2      | Reached ** piety under Yredelemnul
  1767 | D:2      | Reached skill level 6 in Ice Magic
  1960 | D:3      | Reached XP level 5. HP: 35/35 MP: 7/9
  2089 | D:3      | Reached skill level 1 in Polearms
  2201 | D:3      | Found a glowing silver altar of Zin.
  2203 | D:3      | Found a stormy altar of Qazlal.
  2818 | D:4      | Reached skill level 1 in Fighting
  2818 | D:4      | Reached XP level 6. HP: 42/43 MP: 4/11
  3307 | D:4      | Noticed a black bear
  3312 | D:4      | Killed a black bear
  3313 | D:4      | Reached skill level 7 in Ice Magic
  3351 | D:4      | Found a hide-covered altar of Uskayaw.
  3554 | D:4      | Found a shimmering altar of Xom.
  3596 | D:5      | Entered Level 5 of the Dungeon
  3608 | D:5      | Reached XP level 7. HP: 50/50 MP: 7/12
  4599 | D:6      | Reached XP level 8. HP: 58/58 MP: 10/14
  4641 | D:6      | Found Nuischon's Book Shop.
  4733 | D:6      | Reached skill level 8 in Ice Magic
  4865 | D:6      | Learned a level 4 spell: Summon Ice Beast
  4869 | D:6      | Learned a level 3 spell: Dazzling Flash
  5461 | D:6      | Found a staircase to the Ecumenical Temple.
  5558 | D:7      | Identified a scroll of acquirement
  5561 | D:7      | Acquired 744 gold pieces
  5565 | D:7      | Found a shadowy altar of Dithmenos.
  5578 | D:7      | Slain by an ice beast

Illustrated notes

Levels and vault maps discovered:
D:1:      tarquinn_simple_flora_water_d, layout_rooms,
          hellmonk_ecumenical_altar_inner_sanctum
D:2:      layout_rooms, serial_shops, nicolae_shop_waterfront,
          minmay_increasing_density
D:3:      layout_loops_cross, jmf_multi_god_temple
D:4:      layout_basic, mainiacjoe_overflow_swirl
D:5:      layout_rooms, hangedman_abyss_or_decor_jellyfish_corner
D:6:      minmay_general_purpose_star, layout_basic,
          minmay_temple_entry_nine_rooms, serial_shops, shop
D:7:      layout_basic, grunt_dithmenos_smoke, mainiacjoe_overflow_alcove_4,
          enter_bailey_2, kennysheep_small_spiral, dk_noncrumbling_2,
          kennysheep_generic_room_10, uniq_pikel, uniq_crazy_yiuf_cottage,
          uniq_maggie

Skill      XL: |  1  2  3  4  5  6  7  8 |
---------------+-------------------------+-----
Ice Magic      | 5 6 7 8 |  8.4
Spellcasting   | 3 4 |  4.5
Polearms       | 1 2 3 4 |  4.6
Fighting       | 1 2 3 |  3.8
Dodging        | |  2.6
Stealth        | |  2.1

Action                     |  1- 3 |  4- 6 |  7- 9 || total
---------------------------+-------+-------+-------++-------
  Melee: Dagger            |    58 |       |       ||    58
         Staff             |     5 |    15 |    18 ||    38
         Spear             |       |       |    22 ||    22
         Halberd           |       |       |     9 ||     9
   Cast: Freeze            |    33 |    47 |    42 ||   122
         Frozen Ramparts   |       |     6 |     9 ||    15
         Summon Ice Beast  |       |       |     1 ||     1
 Invoke: Recall Undead Har |       |     1 |     1 ||     2
    Use: Scroll            |     5 |       |     7 ||    12
         Potion            |       |       |     1 ||     1
   Stab: Sleeping          |     5 |     2 |       ||     7
         Distracted        |       |       |     1 ||     1
 Armour: Robe              |    13 |     9 |    12 ||    34
  Dodge: Dodged            |    43 |    39 |    46 ||   128
